 Dungeon Crawl Stone Soup version 0.32-a0-172-gc5dd13f2a7 (webtiles) character file.

Game seed: 951810510004165264

4 jasper the Vexing (level 1, -2/10 HPs)
             Began as a Deep Elf Enchanter on Feb 12, 2024.
             Slain by a quokka (3 damage)
             ... on level 1 of the Dungeon.
             The game lasted 00:00:27 (126 turns).

jasper the Vexing (Deep Elf Enchanter)               Turns: 126, Time: 00:00:28

Health: -2/10      AC:  2    Str:  5    XL:     1   Next: 50%
Magic:  6/6        EV: 12    Int: 19    God:
Gold:   7          SH:  0    Dex: 15    Spells: 6/6 levels left

rFire   . . .        a - +1 dagger
rCold   . . .        (no shield)
rNeg    . . .        b - +0 robe
rPois   .            (no helmet)
rElec   .            (no cloak)
rCorr   .            (no gloves)
SInv    .            (no boots)
Will    .....        (no amulet)
Stlth   ++           (no ring)
HPRegen 0.21/turn    (no ring)
MPRegen 0.10/turn

%: no passive effects
@: no status effects
A: no striking features
a: no special abilities


You were on level 1 of the Dungeon.
You visited 1 branch of the dungeon, and saw 1 of its levels.

You collected 7 gold pieces.

Inventory:

Hand Weapons
 a - a +1 dagger (weapon)
Armour
 b - a +0 robe (worn)
Potions
 c - 2 potions of invisibility


   Skills:
 + Level 0.2 Fighting
 - Level 1.0 Short Blades
 + Level 2.6 Dodging
 - Level 3.6 Stealth
 + Level 3.1 Spellcasting
 - Level 4.0 Hexes


You had 6 spell levels left.
You didn't know any spells.
Your spell library contained the following spells:

 Spells                   Type           Power      Damage    Failure   Level
 Confusing Touch          Hex            18%        N/A       9%          3
 Tukima's Dance           Hex            18%        N/A       9%          3
 Ensorcelled Hibernation  Hex/Ice        20%        N/A       10%         2
 Dazzling Flash           Conj/Hex       20%        N/A       21%         3


Dungeon Overview and Level Annotations

Branches:
Dungeon (1/15)

Altars:


Message History

You kill the endoplasm!
You don't know any spells.
HP restored.
You see here a frilled lizard corpse.
A kobold is nearby!
Health restored: 10 A kobold is nearby!
Found a stone staircase leading down.
The kobold shouts!
The kobold throws a stone.
The stone completely misses you.
Found a scroll labelled FAOLIZ YCOESHRO.
The kobold throws a stone.
The stone barely misses you.
The kobold throws a stone.
The stone hits you.
You take 2 damage, and have 8/10 hp.
A quokka comes into view.
The kobold barely misses you.
You barely miss the kobold. The kobold barely misses you.
You closely miss the kobold. The kobold closely misses you.
You hit the kobold.
The kobold is heavily wounded.
The kobold closely misses you.
You closely miss the kobold.
The kobold is moderately wounded.
The quokka bites you. The kobold hits you with a +0 dagger.
You take 4 damage, and have 5/10 hp.
MASSIVE DAMAGE!!
You hit the kobold.
The kobold is heavily wounded.
The quokka bites you. The kobold completely misses you.
You take 1 damage, and have 4/10 hp.
You hit the kobold.
The kobold is severely wounded.
The quokka bites you.
* * * LOW HITPOINT WARNING * * *
The kobold barely misses you.
You take 3 damage, and have 1/10 hp.
MASSIVE DAMAGE!!
Okay, then.
The quokka attacks as it pursues you! The quokka barely misses you.
The kobold barely misses you. The quokka bites you.
You die...

#...........# #.#
##############
#†# . ....# #.#
..?.... ###.#
....#.###...#
###>........##
.....##...#.# #
####....#.#.#...#
.......@rK.......
#########.....##.
###...... ##...#.
...# .... ####


You could see a quokka and a kobold.

Vanquished Creatures
  An endoplasm (D:1)
  A hobgoblin (D:1)
  A ball python (D:1)
  A frilled lizard (D:1)
4 creatures vanquished.

Notes
Turn   | Place    | Note
-------+----------+-------------------------------------------
     0 | D:1      | jasper the Deep Elf Enchanter began the quest for the Orb.
     0 | D:1      | Reached XP level 1. HP: 10/10 MP: 6/6
   126 | D:1      | Slain by a quokka

Illustrated notes

Levels and vault maps discovered:
D:1:      lightli_arrival_quake, layout_rooms,
          dreamdust_ecumenical_altar_angels_and_demons

Action                     || total
---------------------------++-------
  Melee: Dagger            ||    14
   Stab: Sleeping          ||     2
 Armour: Robe              ||     7
  Dodge: Dodged            ||    14

Table legend: (Time is in decaauts)
 A = Elapsed time spent in this place.
 B = Non-inter-level travel time spent in this place.
 C = Inter-level travel time spent in this place.
 D = Time resting spent in this place.
 E = Time spent auto-exploring this place.
 F = Levels seen in this place.
 G = Mean time per level.
                   A        B        C        D        E       F      G
               +--------+--------+--------+--------+--------+-----+--------+
         Total |    125 |    125 |      0 |      0 |     84 |   1 |  125.0 |
       Dungeon |    125 |    125 |      0 |      0 |     84 |   1 |  125.0 |
               +--------+--------+--------+--------+--------+-----+--------+

Top non-repeatable levels by time:
     D:1: 125 daAuts
